 Dungeon Crawl Stone Soup version 0.26-a0-835-g8259106e14 (webtiles) character file.

Game seed: 16029508414123060462

35 pablito the Insei (level 3, -4/23 HPs)
             Began as an Octopode Transmuter on Nov 17, 2020.
             Was a Follower of Uskayaw.
             Slain by Sigmund
             ... wielding a +0 scythe
              (16 damage)
             ... on level 3 of the Dungeon.
             The game lasted 00:06:08 (1757 turns).

pablito the Insei (Octopode Transmuter)             Turns: 1757, Time: 00:06:09

Health: -4/23      AC:  1    Str:  9    XL:     3   Next: 35%
Magic:  3/6        EV: 13    Int: 15    God:    Uskayaw [*.....]
Gold:   155        SH:  0    Dex: 13    Spells: 5/6 levels left

rFire    . . .     SeeInvis .     - Unarmed
rCold    . . .     Faith    .   (no shield)
rNeg     . . .     Spirit   .   (helmet currently unavailable)
rPois    .         Reflect  .   g - amulet of the acrobat
rElec    .         Harm     .   (no ring)
rCorr    .         Rampage  .   (no ring)
MR       .....                  (no ring)
Stlth    ++........             (no ring)
HPRegen  0.07/turn              (no ring)
MPRegen  0.10/turn              (no ring)
                                (no ring)
                                (no ring)

@: appendages (expiring)
A: almost no armour, stealthy swim, amphibious, 8 rings, constrict 8, tentacle
spike 3, camouflage 1, gelatinous body 1
a: End Transformation, Stomp, Renounce Religion


You were on level 3 of the Dungeon.
You worshipped Uskayaw.
Uskayaw was noncommittal.
One of your tentacles had a temporary spike.
You visited 1 branch of the dungeon, and saw 3 of its levels.

You collected 155 gold pieces.

Inventory:

Missiles
 c - 7 curare-tipped darts (quivered)
Jewellery
 g - an amulet of the acrobat (around mantle)
 o - a cursed ring of fire
Scrolls
 a - 2 scrolls of blinking {unknown}
 b - 3 scrolls of identify
 d - 3 scrolls of amnesia {unknown}
 e - 5 scrolls of teleportation {unknown}
 f - 4 scrolls of remove curse {unknown}
 h - a scroll of immolation {unknown}
 k - 2 scrolls of fog {unknown}
 p - a scroll of magic mapping {unknown}
Potions
 i - a potion of brilliance {unknown}
 j - a potion of heal wounds {unknown}
 l - a potion of might {unknown}
 m - a potion of degeneration {unknown}
 n - a potion of flight {unknown}


   Skills:
 + Level 1.0 Fighting
 * Level 0.3 Throwing
 + Level 2.1 Dodging
 * Level 3.9 Unarmed Combat
 + Level 2.1 Spellcasting
 + Level 2.3 Transmutations


You had 5 spell levels left.
You knew the following spells:

 Your Spells              Type           Power        Failure   Level
a - Beastly Appendage     Tmut           #.....       9%          1

Your spell library contained the following spells:

 Spells                   Type           Power        Failure   Level
 Wereblood                Tmut           #.......     13%         2
 Spider Form              Tmut/Pois      #.........   38%         3
 Ice Form                 Ice/Tmut       #.......     80%         4
 Blade Hands              Tmut           #.........   93%         5


Dungeon Overview and Level Annotations

Branches:
Dungeon (3/15)

Altars:
Cheibriados
Uskayaw

Annotations:
D:3 Sigmund


Innate Abilities, Weirdness & Mutations

You cannot wear most types of armour.
You are very stealthy in the water. (Stealth+)
You are amphibious.
You can wear up to eight rings at the same time.
You can use your tentacles to constrict eight enemies at once.
Your skin changes colour to match your surroundings (Stealth+).
Your rubbery body absorbs attacks. (AC +1, EV +1)
One of your tentacles bears a large vicious spike.


Message History

You tentacle-slap the kobold but do no damage.
You grab the kobold.
You pierce the kobold.
The kobold is severely wounded.
Your transformation is almost over.
You constrict the kobold, but do no damage.
The kobold closely misses you. Something hits you.
You release your grip on the kobold.
The kobold closely misses you.
A dart slug comes into view.
Something barely misses you. The kobold completely misses you.
You stomp with the beat, sending a shockwave through the revellers around you!
You kill the kobold!
You can no longer stomp with the beat.
Something hits you!
You tentacle-slap something.
You can now stomp with the beat.
You miss something. Something hits you.
Okay, then.
You closely miss something. Something hits you!
Ouch! That really hurt!
You die...

..# #.# # #.#
..######### #.#
...?.#... #.# #PP8.###
#.# #..##..(.(.# #.#
#....w..{@.####.###
...>#...8.)....#...#
.#........#....#.######
#.#####..#...........#
# #..####.#.####.#
.......<#...
##..#.#..###.#
...#....# .# ##.####.#
#


You could see a dart slug.

Vanquished Creatures
  A worm (D:2)
  A dart slug (D:1)
  A leopard gecko (D:1)
  4 giant cockroaches
  2 goblins
  2 hobgoblins (D:1)
  3 jackals (D:1)
  3 bats
  3 frilled lizards
  A jackal skeleton (D:3)
  5 kobolds
  4 rats
30 creatures vanquished.

Vanquished Creatures (others)
  A withered plant (D:3)
1 creature vanquished.

Grand Total: 31 creatures vanquished

Notes
Turn   | Place    | Note
-------+----------+-------------------------------------------
     0 | D:1      | pablito the Octopode Transmuter began the quest for the
                  | Orb.
     0 | D:1      | Reached XP level 1. HP: 13/13 MP: 3/3
   218 | D:1      | Reached XP level 2. HP: 17/18 MP: 5/5
  1097 | D:2      | Found a hide-covered altar of Uskayaw.
  1102 | D:2      | Became a worshipper of Uskayaw the Reveller
  1152 | D:2      | Found a snail-covered altar of Cheibriados.
  1187 | D:2      | Reached * piety under Uskayaw
  1190 | D:2      | Reached XP level 3. HP: 23/23 MP: 4/6
  1742 | D:3      | Noticed Sigmund
  1757 | D:3      | Slain by Sigmund

Illustrated notes

Levels and vault maps discovered:
D:1:      dpeg_arrival_castle, layout_loops_ring, minivault_11
D:2:      layout_loops_ring, eat_drink_and_be_merry_uskayaw, cheibriados_altar_1
D:3:      layout_basic, chequers_temple_overflow_statue_of_worship,
          serial_undead, serial_undead_c, serial_undead_b, serial_undead_e,
          serial_undead_c, serial_undead_d, serial_undead_a,
          kennysheep_decorative_pillar, minmay_misc_feat_roman,
          uniq_crazy_yiuf_cottage, uniq_sigmund

Action                   || total
-------------------------++-------
Melee: Unarmed           ||    63
       Constrict         ||    20
       Tentacles         ||    10
       Kick              ||     1
       Punch             ||     1
 Cast: Beastly Appendage ||     3
Invok: Stomp             ||     1
  Use: Scroll            ||     1
 Stab: Sleeping          ||     5
Armor: Skin              ||     6
Dodge: Dodged            ||    46

Table legend: (Time is in decaauts)
 A = Elapsed time spent in this place.
 B = Non-inter-level travel time spent in this place.
 C = Inter-level travel time spent in this place.
 D = Time resting spent in this place.
 E = Time spent auto-exploring this place.
 F = Levels seen in this place.
 G = Mean time per level.
                   A        B        C        D        E       F      G
               +--------+--------+--------+--------+--------+-----+--------+
         Total |   1752 |   1706 |     46 |    194 |   1212 |   3 |  584.0 |
       Dungeon |   1752 |   1706 |     46 |    194 |   1212 |   3 |  584.0 |
               +--------+--------+--------+--------+--------+-----+--------+

Top non-repeatable levels by time:
     D:1: 1095 daAuts
     D:2: 618 daAuts
     D:3: 39 daAuts
